Map: Forsaken Desert

Players

MentsaN

  • Race: Protoss Protoss
  • League: Gold
  • Spawn Location: 0:00

Fishlobs

  • Race: Protoss Protoss
  • League: Platinum
  • Spawn Location: 7:00

SickJameS

  • Race: Protoss Protoss
  • League: Platinum
  • Spawn Location: 11:00

Neisseria

  • Race: Zerg Zerg
  • League: Master
  • Spawn Location: 0:00

Cassidy

  • Race: Zerg Zerg
  • League: Diamond
  • Spawn Location: 1:00

MICHEL

  • Race: Terran Terran
  • League: Diamond
  • Spawn Location: 0:00

LostHatter

  • Race: Protoss Protoss
  • League: Gold
  • Spawn Location: 0:00

rippin - Winner!

  • Race: Protoss Protoss
  • League: Platinum
  • Spawn Location: 5:00

VOD

Have the link to the VOD?

Description

Time

  • Played on: Feb. 10, 2019, 9:10 p.m.
  • Length: 45:35
Show
View Real Time Build Order
Export as new Build Order

MentsaN Protoss 

Build Orders:  

Get SALT Encoding   

  12  0:02  Probe  
  13  0:14  Probe  
  14  0:25  Pylon  
  14  0:26  Probe  
  15  0:43  Probe  
  15  0:47  Gateway  
  16  0:55  Probe  
  16  0:56  Assimilator  
  17  1:07  Probe  
  18  1:13  Gateway  
  18  1:16  Probe  
  18  1:24  Probe  
  18  1:25  Assimilator  
  19  1:29  Pylon  
  20  1:34  Probe  
  20  1:35  Zealot  
  23  1:44  Cybernetics Core  
  24  1:47  Probe  
  24  2:02  Zealot x2  
  24  2:07  Pylon  
  28  2:13  Probe  
  29  2:25  Probe  
  29  2:26  Warp Gate  
  30  2:37  Probe  
  31  2:49  Nexus  
  31  3:03  Stalker x2  
  35  3:09  Probe  
  36  3:21  Probe  
  37  3:33  Zealot, Probe  
  36  3:45  Pylon, Probe  
  37  3:52  Robotics Facility  
  37  3:54  Zealot  
  39  3:59  Twilight Council  
  39  4:01  Zealot, Probe  
  42  4:04  Pylon  
  42  4:08  Probe  
  43  4:13  Probe  
  43  4:16  Shield Battery  
  44  4:20  Probe  
  45  4:25  Probe  
  45  4:29  Gateway  
  46  4:32  Probe  
  46  4:35  Gateway  
  47  4:40  Probe  
  47  4:44  Probe  
  50  4:45  Observer  
  50  4:48  Assimilator  
  50  4:50  Assimilator  
  50  4:52  Probe  
  47  5:06  Probe  
  44  5:09  Stalker x2  
  44  5:15  Probe  
  44  5:18  Probe  
  46  5:27  Probe  
  45  5:29  Immortal  
  45  5:31  Probe  
  50  5:39  Probe  
  51  5:43  Probe  
  52  5:51  Probe  
  52  5:53  Zealot x2  
  51  6:01  Stalker  
  51  6:02  Stalker  
  53  6:08  Probe x2  
  55  6:20  Probe x2  
  55  6:23  Sentry  
  55  6:24  Sentry  
  61  6:26  Immortal  
  61  6:32  Probe x2  
  67  6:44  Probe  
  67  6:45  Probe  
  69  6:56  Probe  
  69  6:59  Pylon, Probe  
  67  7:09  Probe  
  67  7:11  Probe  
  69  7:17  Immortal  
  69  7:19  Zealot x2  
  77  8:04  Pylon  
  77  8:07  Pylon  
  77  8:22  Immortal  
  77  8:26  Nexus  
  81  8:29  Pylon  
  81  8:31  Pylon  
  81  8:36  Pylon  
  81  8:38  Pylon  
  80  8:51  Stalker x2  
  80  8:52  Stalker  
  86  9:02  Immortal  
  86  9:21  Stalker x3  
  83  9:39  Probe x2  
  83  9:40  Probe  
  86  9:51  Probe  
  86  9:52  Probe  
  64  10:02  Assimilator  
  64  10:06  Assimilator  
  44  10:20  Gateway  
  44  10:23  Gateway  
  44  10:24  Gateway  
  44  10:28  Zealot  
  42  10:30  Gateway  
Show
View Real Time Build Order
Export as new Build Order

Fishlobs Protoss 

Build Orders: Zealot Archon 

Get SALT Encoding   

  12  0:01  Probe  
  13  0:13  Probe  
  14  0:20  Pylon  
  14  0:25  Probe  
  15  0:38  Probe  
  15  0:40  Gateway  
  16  0:50  Probe  
  17  0:59  Assimilator  
  17  1:00  Probe  
  17  1:02  Assimilator  
  18  1:08  Probe  
  18  1:14  Gateway  
  18  1:17  Probe  
  20  1:30  Probe  
  21  1:35  Cybernetics Core  
  21  1:42  Probe  
  22  1:54  Probe  
  23  2:06  Pylon  
  23  2:20  Nexus  
  23  2:24  Probe  
  24  2:34  Twilight Council  
  24  2:36  Sentry  
  24  2:37  Sentry  
  24  2:38  Warp Gate  
  28  2:58  Probe  
  29  3:10  Probe  
  30  3:20  Pylon  
  30  3:22  Probe  
  31  3:31  Stalker x2  
  35  3:34  Probe  
  35  3:37  Probe  
  35  3:38  Templar Archives  
  37  3:42  Probe  
  37  3:45  Probe  
  38  3:50  Probe  
  38  3:54  Probe  
  40  4:01  Stalker, Probe  
  44  4:06  Probe  
  45  4:11  Pylon  
  45  4:13  Probe  
  46  4:22  Assimilator  
  46  4:23  Probe  
  47  4:24  Assimilator  
  47  4:25  Probe  
  48  4:33  Gateway x2  
  48  4:35  High Templar, Probe  
  51  4:42  High Templar  
  51  4:44  Probe  
  54  4:47  Probe  
  55  4:56  Probe  
  55  4:59  Probe  
  57  5:08  Probe  
  57  5:11  Probe  
  59  5:14  Nexus  
  59  5:18  Pylon  
  59  5:21  High Templar, Pylon  
  61  5:25  Pylon  
  61  5:26  Psionic Storm  
  61  5:31  Probe  
  61  5:33  Pylon  
  62  5:36  Probe  
  62  5:39  Pylon  
  63  5:49  Forge  
  63  5:55  Probe x2  
  65  5:58  High Templar  
  65  5:59  High Templar  
  65  6:01  High Templar  
  65  6:02  Zealot  
  73  6:09  Charge  
  73  6:11  Probe x2  
  74  6:17  Gateway  
  74  6:18  Protoss Ground Weapons Level 1  
  75  6:24  Gateway  
  75  6:27  Gateway  
  75  6:29  Pylon  
  75  6:30  Probe  
  75  6:31  Probe  
  75  6:32  Pylon, Probe  
  78  6:39  Photon Cannon  
  78  6:45  Probe x2  
  78  6:46  Probe  
  81  6:50  Assimilator  
  81  6:55  Assimilator  
  81  6:57  Photon Cannon  
  81  6:58  Photon Cannon  
  81  7:02  High Templar x2  
  81  7:03  High Templar  
  87  7:09  Archon  
  87  7:14  High Templar  
  89  7:18  Archon  
  89  7:26  Probe x3  
  89  7:29  High Templar  
  94  7:38  Photon Cannon  
  94  7:40  Photon Cannon  
  94  7:46  Photon Cannon  
  94  7:49  Pylon  
  94  7:55  High Templar  
  94  7:56  High Templar x2, Pylon  
  100  7:59  Zealot x3  
  106  8:07  Pylon  
  106  8:10  Photon Cannon  
  106  8:12  Photon Cannon  
  106  8:13  Photon Cannon  
  106  8:15  Photon Cannon  
  106  8:18  Shield Battery, Photon Cannon  
  106  8:20  Pylon  
  106  8:22  High Templar  
  106  8:23  High Templar x2  
  106  8:27  Shield Battery, Zealot  
  112  8:28  Archon  
  112  8:29  Shield Battery, Archon  
  112  8:31  Probe x3  
  112  8:33  Shield Battery  
  117  8:36  Shield Battery  
  117  8:45  Nexus  
  117  8:47  Pylon  
  117  8:51  Pylon  
  117  8:53  Assimilator  
  117  8:56  High Templar  
  117  8:57  High Templar x2  
  117  8:59  Assimilator  
  117  9:01  Archon  
  123  9:03  High Templar  
  123  9:04  Zealot  
  123  9:05  Zealot  
  123  9:06  Zealot  
  123  9:08  Archon  
  131  9:16  Stargate  
  131  9:19  Stargate  
  131  9:24  Protoss Ground Weapons Level 2  
  132  9:31  Probe x2  
  132  9:32  Probe  
  132  9:36  High Templar x2  
  132  9:38  Zealot x3  
  140  9:43  Probe x2  
  140  9:44  Probe  
  147  9:52  Forge  
  147  9:55  Probe  
  148  10:10  Photon Cannon  
  148  10:12  Photon Cannon  
  148  10:13  Photon Cannon  
  148  10:16  Photon Cannon  
  148  10:18  Pylon  
  148  10:20  Protoss Shields Level 1  
  148  10:25  Protoss Air Weapons Level 1  
  148  10:27  High Templar x3  
  148  10:28  High Templar  
  156  10:42  Fleet Beacon  
  156  10:50  Stargate  
  156  10:57  High Templar  
  156  10:58  Zealot  
  156  10:59  Zealot  
  156  11:00  Zealot x3  
  156  11:01  Zealot, Cybernetics Core  
  170  11:12  Pylon  
  170  11:21  Pylon  
  170  11:22  Stalker  
  172  11:29  Pylon  
  172  11:30  High Templar x3  
  172  11:31  High Templar  
  180  11:33  Zealot x2, Pylon  
  180  11:35  Gateway  
  180  11:36  Archon  
  180  11:37  Archon  
  184  12:01  Photon Cannon  
  184  12:04  Photon Cannon  
  184  12:06  Photon Cannon  
  104  12:57  High Templar  
  90  12:58  High Templar  
  90  12:59  High Templar x3  
  90  13:00  High Templar x3  
  90  13:02  Archon  
  90  13:03  Archon x2  
  90  13:04  Archon  
Show
View Real Time Build Order
Export as new Build Order

SickJameS Protoss 

Build Orders:  

Get SALT Encoding   

  1  0:00  Probe  
  12  0:05  Probe  
  14  0:15  Probe  
  15  0:24  Pylon  
  16  0:42  Probe  
  16  0:54  Gateway x2  
  16  0:55  Probe  
  17  1:00  Assimilator  
  17  1:04  Assimilator  
  17  1:06  Probe  
  18  1:14  Probe  
  18  1:16  Pylon  
  18  1:23  Probe  
  20  1:33  Probe  
  21  1:43  Cybernetics Core  
  21  1:44  Gateway  
  21  1:47  Probe  
  22  2:02  Warp Gate  
  22  2:23  Stalker x2  
  26  2:30  Pylon  
  25  2:42  Shield Battery  
  25  2:43  Stalker  
  27  2:52  Probe  
  28  3:04  Probe  
  27  3:05  Stalker  
  29  3:07  Stalker  
  33  3:19  Probe  
  34  3:31  Stalker  
  36  3:47  Shield Battery  
  36  3:54  Nexus  
  36  4:16  Pylon  
  36  4:31  Robotics Facility  
  36  4:37  Gateway  
  36  4:41  Shield Battery  
  36  4:44  Pylon  
  36  5:02  Probe  
  36  5:04  Probe  
  38  5:10  Probe  
  38  5:13  Probe  
  38  5:20  Probe  
  38  5:21  Probe  
  42  5:30  Probe  
  42  5:31  Observer  
  42  5:33  Probe  
  45  5:37  Assimilator  
  45  5:39  Assimilator  
  45  5:41  Pylon  
  45  5:42  Probe  
  46  5:45  Pylon, Probe  
  47  5:54  Zealot x4  
  56  5:57  Probe  
  54  6:15  Zealot x3  
  54  6:16  Zealot  
  58  6:27  Probe x2  
  60  6:35  Probe  
  60  6:39  Probe  
  62  6:40  Forge  
  62  6:45  Pylon  
  62  6:57  Pylon  
  62  7:01  Pylon  
  62  7:04  Pylon  
  62  7:06  Pylon  
  62  7:11  Shield Battery  
  62  7:16  Immortal  
  62  7:18  Pylon  
  62  7:25  Photon Cannon  
  66  7:30  Protoss Ground Weapons Level 1  
  66  7:41  Pylon  
  66  7:45  Pylon  
  65  7:57  Stalker x3  
  70  8:06  Immortal  
  73  8:22  Robotics Bay, Robotics Facility  
  73  8:32  Forge  
  73  8:39  Zealot  
  73  8:40  Zealot x3  
  81  8:47  Probe  
  75  9:10  Disruptor x2  
  75  9:14  Sentry  
  81  9:25  Sentry  
  81  9:50  Pylon  
  77  10:10  Zealot x3  
  64  10:41  Zealot x3  
  38  11:00  Immortal  
  38  11:01  Immortal  
  46  11:16  Nexus  
  46  11:31  Disruptor x2  
  49  11:42  Zealot x3  
  39  13:01  Zealot  
  39  13:02  Zealot x2  
Show
View Real Time Build Order
Export as new Build Order

Neisseria Zerg 

Build Orders: Pool First, Swarm Host 

Get SALT Encoding   

  12  0:02  Drone  
  13  0:12  Overlord  
  13  0:17  Drone  
  14  0:31  Drone x2  
  16  0:37  Drone  
  17  0:46  Spawning Pool  
  17  0:48  Drone  
  17  1:09  Hatchery  
  16  1:12  Drone  
  17  1:33  Zergling x6  
  17  1:36  Queen  
  22  1:46  Overlord  
  22  1:59  Drone, Extractor  
  22  2:06  Drone  
  23  2:14  Queen  
  25  2:16  Drone  
  24  2:43  Queen  
  25  2:44  Drone x8  
  33  2:59  Overlord  
  33  3:03  Metabolic Boost  
  33  3:09  Drone x2  
  35  3:15  Overlord  
  35  3:29  Drone x6  
  35  3:32  Overlord  
  41  3:47  Overlord  
  41  3:49  Lair  
  41  3:55  Drone x2, Roach Warren, Extractor  
  40  3:56  Drone x3, Extractor  
  40  3:57  Drone  
  44  4:08  Zergling x8  
  48  4:19  Drone x2  
  50  4:24  Evolution Chamber, Hatchery  
  48  4:45  Zergling x14  
  52  4:46  Zergling x2  
  52  4:51  Queen, Zerg Missile Weapons Level 1  
  52  4:52  Nydus Network, Overlord  
  56  5:11  Drone x3  
  59  5:19  Queen  
  61  5:26  Queen  
  63  5:29  Nydus Canal  
  63  5:34  Zergling x16  
  71  5:55  Queen  
  65  6:04  Drone x2  
  65  6:05  Drone x8  
  65  6:07  Infestation Pit  
  68  6:11  Zergling x2  
  68  6:12  Queen x2  
  69  6:28  Glial Reconstitution  
  69  6:30  Roach x6  
  81  6:39  Queen  
  81  6:40  Spore Crawler  
  81  6:43  Spore Crawler  
  81  6:46  Overlord x3  
  81  6:47  Zerg Missile Weapons Level 2  
  81  7:04  Overlord x4, Extractor  
  81  7:06  Extractor  
  79  7:12  Overlord  
  79  7:13  Overseer  
  79  7:14  Ravager x5  
  79  7:15  Ravager  
  85  7:16  Zergling x16  
  93  7:34  Hatchery  
  92  7:56  Roach x13  
  118  8:19  Roach x9  
  136  8:22  Neural Parasite  
  136  8:24  Overseer  
  136  8:55  Overseer  
  135  9:03  Overseer  
  135  9:05  Drone x6  
  135  9:06  Drone x2  
  135  9:07  Overlord x4  
  135  9:09  Extractor  
  138  9:27  Ravager x8  
  146  9:48  Overlord x2  
  146  9:49  Drone x13  
  131  10:44  Drone  
  131  10:45  Drone x16  
  131  10:49  Extractor  
  134  11:14  Overseer x2  
  134  11:17  Pathogen Glands  
  134  11:18  Overlord x2  
  134  11:27  Overlord x2  
  134  11:33  Zerg Ground Armor Level 1  
  134  11:35  Hive  
  134  11:40  Hatchery  
  134  11:43  Hatchery  
  132  12:11  Roach x15  
  132  12:12  Roach x4  
  132  12:15  Overlord x2  
  148  12:33  Ravager x2  
  148  12:35  Swarm Host x4  
  148  12:36  Swarm Host  
  184  12:38  Burrow  
  144  12:58  Roach  
  144  12:59  Roach x10  
  166  13:10  Roach  
  166  13:11  Roach x5  
  174  14:13  Extractor  
  174  14:14  Extractor  
  174  14:15  Spore Crawler  
  174  14:16  Zerg Missile Weapons Level 3  
  171  14:25  Infestor x12  
  171  14:27  Evolution Chamber  
  194  14:31  Hatchery  
  193  15:12  Hydralisk Den  
  192  15:16  Drone x2  
  192  15:17  Drone x5  
  199  15:32  Zerg Ground Armor Level 2  
  199  15:36  Drone  
  199  15:38  Extractor  
  199  15:43  Drone  
  199  15:46  Grooved Spines  
  193  15:58  Extractor  
  187  16:06  Infestor x10  
  173  16:23  Hydralisk x4  
  173  16:24  Hydralisk x16  
  200  16:29  Infestor x7  
  200  16:30  Infestor x3  
  200  16:31  Roach  
  195  16:46  Infestor x10  
  194  16:53  Zerg Melee Weapons Level 1  
  186  16:55  Spire  
  186  16:57  Muscular Augments  
  165  17:32  Roach  
  165  17:33  Roach x2  
  128  18:06  Infestor  
  128  18:12  Spire  
  127  18:18  Roach x15  
  120  18:28  Drone x19  
  121  19:02  Spore Crawler  
  121  19:03  Spore Crawler  
  121  19:05  Spore Crawler  
  121  19:06  Spore Crawler x2  
  115  19:26  Corruptor x3  
  121  19:36  Spore Crawler x2  
  121  19:37  Spore Crawler  
  121  19:38  Spore Crawler  
  117  19:41  Hatchery  
  116  19:52  Corruptor x2  
  95  20:09  Spawning Pool  
  80  20:20  Hatchery  
  76  20:28  Hatchery  
  72  20:57  Spawning Pool  
  71  21:15  Hatchery  
  71  21:33  Hatchery  
  71  21:38  Drone  
  71  21:39  Drone x2  
  73  22:05  Infestor x5  
  73  22:16  Lair  
  73  22:18  Hatchery  
  72  22:28  Corruptor x7  
  72  23:17  Zergling x2  
  72  23:18  Zergling x16  
  62  23:59  Drone x3  
  58  24:03  Drone x4  
  60  24:20  Lair  
  52  24:35  Infestor x3  
  50  24:46  Zergling x6  
  50  24:47  Infestor x3  
  32  25:06  Spine Crawler  
  20  25:28  Infestation Pit  
  21  26:04  Infestor x6  
  31  26:25  Hatchery  
  27  26:58  Drone x8  
  26  27:39  Drone, Hatchery  
  25  27:46  Spawning Pool  
  24  27:55  Overlord x2  
  24  28:08  Drone  
  24  28:11  Hatchery  
  23  28:14  Drone  
  23  28:15  Drone  
  25  28:33  Drone x2  
  29  28:44  Lair  
  29  28:45  Drone  
  29  29:02  Drone  
  29  29:03  Drone x2  
  31  29:11  Overlord  
  31  29:12  Queen  
  33  29:23  Queen  
  35  29:25  Drone x5  
  40  29:33  Extractor  
  40  29:35  Drone x3, Extractor  
  41  29:43  Queen  
  43  29:46  Drone x3  
  43  29:47  Infestation Pit  
  45  29:55  Overlord  
  45  29:57  Spore Crawler  
  45  29:58  Spore Crawler  
  43  30:00  Spore Crawler, Zergling x2  
  43  30:01  Zergling x2  
  44  30:13  Drone x3  
  47  30:24  Queen  
  47  30:25  Drone x6  
  55  30:30  Drone x2  
  57  30:42  Infestor  
  57  30:43  Infestor x3  
  57  30:45  Overlord x3  
  65  31:05  Drone x7  
  65  31:07  Overlord  
  65  31:08  Extractor  
  65  31:09  Extractor  
  70  31:15  Infestor x12  
  70  31:19  Overseer  
  70  31:31  Drone x2  
  70  31:32  Drone x4  
  76  31:33  Overlord  
  76  31:34  Overlord x4  
  76  31:35  Drone x2  
  78  32:09  Spire  
  75  32:28  Overlord  
  75  32:30  Drone x6  
  75  32:33  Extractor  
  75  32:34  Extractor  
  74  33:28  Infestor x7  
  74  33:33  Overlord  
  88  33:44  Infestor x10  
  88  34:05  Hatchery  
  87  34:13  Zergling x32  
  102  35:34  Overseer  
  89  38:03  Hatchery  
  85  38:50  Hatchery  
  84  39:18  Extractor  
  84  39:20  Extractor  
  82  39:27  Spawning Pool  
  81  39:37  Infestor x6  
  81  39:48  Hatchery  
  81  39:49  Infestor x10  
  80  40:27  Infestor x14  
  80  40:35  Infestor  
  80  40:37  Infestor  
  80  40:51  Infestor x2  
  80  40:52  Infestor x11  
  80  41:03  Hatchery  
  77  41:07  Spawning Pool  
  59  42:33  Hatchery  
  54  42:43  Overlord x2  
  54  42:44  Overlord  
  32  43:15  Drone  
  32  43:17  Drone x2  
  32  43:18  Drone x2  
  35  43:42  Hatchery  
  35  43:47  Drone x8  
  40  44:17  Infestor x5  
  40  44:18  Infestor x6  
  40  44:26  Infestor  
Show
View Real Time Build Order
Export as new Build Order

Cassidy Zerg 

Build Orders: Pool First 

Get SALT Encoding   

  12  0:03  Drone  
  13  0:26  Extractor  
  12  0:39  Spawning Pool  
  12  0:40  Drone  
  12  0:44  Overlord  
  12  0:58  Drone x2  
  12  1:02  Drone  
  15  1:18  Drone  
  16  1:32  Queen  
  18  1:34  Drone  
  18  1:36  Drone  
  20  1:49  Overlord  
  20  1:57  Drone  
  21  2:08  Lair  
  21  2:25  Hatchery  
  21  2:29  Drone  
  21  2:43  Metabolic Boost  
  21  2:55  Zergling x10  
  26  3:08  Queen  
  28  3:15  Roach Warren  
  25  3:36  Drone  
  25  3:38  Drone  
  25  3:39  Drone x4  
  31  3:55  Drone x2  
  33  4:14  Roach  
  35  4:19  Overlord  
  35  4:22  Overlord  
  35  4:38  Hatchery  
  34  4:43  Roach x4  
  38  5:16  Zergling x16  
  45  5:41  Pneumatized Carapace  
  45  5:42  Overlord  
  45  5:43  Overlord x2  
  41  6:04  Drone  
  41  6:05  Drone x5  
  47  6:13  Tunneling Claws  
  47  6:17  Burrow  
  47  6:19  Drone  
  47  6:20  Drone x7  
  47  6:23  Spore Crawler  
  54  6:27  Spore Crawler  
  53  7:00  Roach x8  
  53  7:01  Roach x2  
  73  7:13  Extractor x2  
  73  7:14  Drone, Extractor  
  73  7:15  Drone  
  64  7:16  Drone  
  64  7:17  Drone  
  64  7:19  Overlord  
  64  7:20  Overlord  
  66  7:38  Queen  
  68  7:49  Spore Crawler  
  67  7:52  Zergling x26  
  80  8:01  Drone  
  80  8:03  Drone  
  82  8:09  Overseer  
  82  8:22  Overlord  
  82  8:23  Overlord  
  82  8:24  Overlord  
  82  8:40  Queen  
  84  8:48  Roach x10  
  58  9:19  Roach x6  
  58  9:20  Roach x14  
  87  9:49  Zergling x2  
  87  9:50  Zergling x22  
  83  10:14  Drone x5  
  83  10:15  Drone x4  
  90  10:29  Extractor  
  90  10:32  Extractor  
  87  10:52  Drone x3  
  87  10:53  Drone x3  
  87  10:55  Spore Crawler  
  87  10:56  Spore Crawler  
  87  10:57  Spore Crawler  
  88  11:05  Glial Reconstitution  
  88  11:09  Spire  
  88  11:10  Drone x3  
  90  11:12  Drone x3  
  93  11:25  Hatchery  
  93  11:29  Overseer  
  93  11:30  Spore Crawler x2  
  90  11:34  Drone  
  91  11:45  Infestation Pit  
  90  11:48  Evolution Chamber  
  90  11:51  Evolution Chamber  
  90  11:52  Drone x2  
  90  11:53  Drone x2  
  92  11:54  Spore Crawler  
  92  11:55  Drone x2  
  93  12:23  Overlord x5  
  93  12:27  Zerg Missile Weapons Level 1  
  93  12:28  Zerg Ground Armor Level 1  
  93  12:29  Hive  
  93  12:34  Spore Crawler  
  92  12:37  Spore Crawler  
  91  12:45  Queen  
  91  12:47  Drone x6  
  99  13:46  Drone x4  
  99  13:47  Drone x6  
  109  13:50  Extractor  
  108  14:12  Hatchery  
  108  14:13  Greater Spire  
  107  14:26  Corruptor x5  
  107  14:27  Corruptor x10  
  115  15:27  Brood Lord x13  
  119  16:11  Drone x12  
  127  16:25  Overseer  
  127  16:26  Overseer x2  
  123  17:07  Roach  
  123  17:08  Roach x6  
  113  17:42  Drone x5, Extractor  
  113  17:43  Drone x4, Extractor  
  108  17:44  Drone x3  
  111  17:55  Overseer x3  
  111  18:05  Hatchery  
  110  18:07  Hatchery  
  110  18:09  Hatchery  
  108  18:31  Corruptor  
  108  18:32  Corruptor x2  
  114  18:35  Overlord x4  
  110  18:45  Brood Lord x2  
  114  19:17  Adrenal Glands  
  114  19:19  Zerg Flyer Weapons Level 1  
  114  19:20  Zerg Ground Armor Level 2, Zerg Missile Weapons Level 2  
  114  19:21  Queen  
  114  19:22  Drone x5  
  114  19:23  Drone  
  122  19:39  Queen  
  125  20:00  Drone x3, Extractor  
  125  20:02  Drone x5  
  125  20:03  Drone x5  
  136  20:22  Drone x2  
  136  20:25  Spore Crawler  
  137  20:29  Queen  
  139  20:36  Corruptor  
  139  20:37  Corruptor x2  
  145  20:46  Hatchery  
  145  20:47  Extractor  
  131  21:06  Hydralisk Den  
  131  21:11  Spore Crawler x2  
  128  21:12  Spore Crawler  
  128  21:13  Spore Crawler  
  128  21:15  Spore Crawler  
  128  21:16  Drone x16  
  128  21:17  Drone x2, Spore Crawler  
  142  21:24  Overseer x2  
  122  21:53  Corruptor x6  
  122  21:54  Corruptor  
  128  21:56  Overlord  
  128  22:00  Muscular Augments  
  136  22:10  Drone x4  
  136  22:11  Drone x3  
  143  22:31  Extractor  
  143  22:33  Zergling x32  
  158  22:43  Drone  
  158  22:44  Drone x5  
  164  23:06  Overlord x2  
  164  23:07  Overlord  
  164  23:11  Zerg Flyer Weapons Level 2, Grooved Spines  
  160  23:26  Extractor  
  149  23:28  Spore Crawler  
  142  23:45  Zergling x34  
  142  23:46  Zergling x40  
  167  23:59  Brood Lord  
  169  24:03  Spine Crawler  
  161  24:31  Overlord x3, Corruptor  
  160  24:32  Corruptor x7  
  175  25:13  Hatchery  
  174  25:15  Extractor  
  174  25:20  Spore Crawler  
  145  25:33  Viper x3  
  145  25:34  Viper x2  
  158  25:37  Drone x12  
  158  25:42  Zerg Flyer Weapons Level 3  
  158  25:54  Drone x2  
  158  25:55  Drone x12  
  172  26:17  Spore Crawler  
  172  26:18  Spore Crawler x2  
  169  26:19  Spore Crawler x2  
  169  26:20  Spore Crawler  
  169  26:21  Spore Crawler  
  169  26:24  Drone x2, Spore Crawler x2  
  169  26:25  Spore Crawler x2  
  163  26:37  Spore Crawler  
  162  26:45  Hatchery  
  161  26:52  Drone x6  
  166  27:13  Drone x9  
  168  27:41  Corruptor x3  
  168  27:54  Corruptor x3  
  168  27:55  Corruptor  
  162  28:15  Unknown  
  154  28:24  Corruptor x6  
  156  28:35  Unknown  
  156  28:36  Unknown  
  147  28:54  Corruptor  
  147  28:55  Corruptor x3  
  147  29:10  Drone x6  
  153  29:46  Extractor  
  153  29:48  Extractor  
  148  30:31  Corruptor x2  
  148  30:32  Corruptor x12  
  176  30:52  Queen  
  178  31:15  Zergling x30  
  178  31:16  Zergling x14  
  200  31:26  Zerg Flyer Armor Level 1  
  198  31:46  Brood Lord  
  178  32:23  Brood Lord  
  178  32:24  Brood Lord x8  
  178  32:25  Brood Lord  
  182  33:11  Zergling x2  
  182  33:12  Zergling x42  
  200  33:13  Zergling x8  
  160  33:51  Corruptor x12  
  122  34:49  Corruptor x2  
  122  34:50  Corruptor x7  
  130  35:10  Roach x5  
  138  35:23  Brood Lord  
  138  35:25  Brood Lord  
  73  40:54  Drone x31  
  73  40:55  Drone x18  
  63  41:49  Roach x2  
Show
View Real Time Build Order
Export as new Build Order

MICHEL Terran 

Build Orders:  

Get SALT Encoding   

  12  0:01  SCV  
  13  0:13  SCV  
  14  0:19  Supply Depot  
  14  0:25  SCV  
  15  0:40  SCV  
  15  0:41  Barracks  
  16  0:52  SCV  
  17  1:04  Supply Depot  
  17  1:05  SCV  
  18  1:17  Refinery, SCV  
  19  1:19  Refinery  
  19  1:29  SCV  
  20  1:42  Command Center  
  20  1:52  Orbital Command  
  20  1:58  Reaper  
  21  2:20  SCV, Factory  
  22  2:31  Barracks Reactor  
  22  2:32  SCV  
  23  2:44  SCV  
  24  2:56  SCV  
  25  2:58  Orbital Command  
  25  3:09  SCV  
  25  3:11  Factory Tech Lab  
  26  3:16  Starport  
  26  3:20  Armory  
  26  3:21  SCV  
  26  3:29  SCV  
  26  3:31  Marine  
  26  3:33  SCV  
  29  3:40  Refinery  
  29  3:41  SCV  
  30  3:45  SCV  
  31  3:51  Armory  
  31  3:53  SCV  
  32  3:57  SCV  
  32  3:58  Fusion Core  
  33  4:05  SCV, Factory Tech Lab  
  33  4:09  Refinery, SCV  
  35  4:15  Terran Ship Weapons Level 1  
  35  4:17  SCV  
  35  4:21  SCV  
  37  4:29  Starport, SCV  
  38  4:33  SCV  
  39  4:39  Terran Vehicle And Ship Armor Level 1  
  39  4:41  Marine x2, SCV  
  39  4:45  Widow Mine, SCV  
  45  4:59  Marine  
  46  5:01  Engineering Bay  
  46  5:08  Supply Depot  
  46  5:26  Supply Depot  
  46  5:30  Widow Mine, Marine x2, SCV x2  
  46  5:31  Supply Depot  
  52  5:36  Sensor Tower  
  52  5:47  Battlecruiser  
  52  5:48  Marine  
  52  5:49  Supply Depot  
  59  5:53  Battlecruiser  
  65  6:00  Supply Depot  
  65  6:09  Command Center  
  65  6:12  SCV x2  
  67  6:24  SCV, Factory Tech Lab  
  67  6:25  Supply Depot  
  68  6:29  Terran Ship Weapons Level 2  
  68  6:42  Siege Tank  
  71  6:47  Supply Depot  
  71  6:55  Refinery  
  71  7:01  Refinery  
  71  7:14  Siege Tank  
  71  7:15  Command Center  
  74  7:16  Battlecruiser  
  74  7:18  Starport  
  80  7:37  SCV  
  80  7:40  SCV  
  82  7:44  Missile Turret  
  82  7:49  SCV  
  83  7:52  SCV  
  83  7:55  Battlecruiser  
  83  7:57  Starport Tech Lab  
  90  8:01  SCV  
  90  8:04  Terran Vehicle And Ship Armor Level 2, SCV  
  92  8:07  Missile Turret  
  92  8:11  Orbital Command  
  92  8:14  SCV  
  92  8:16  SCV  
  94  8:25  Battlecruiser  
  100  8:27  Missile Turret  
  100  8:32  Orbital Command  
  100  8:34  SCV x2  
  102  8:46  SCV x2  
  102  8:48  Missile Turret  
  104  8:54  Battlecruiser  
  110  8:58  SCV  
  110  9:00  Refinery  
  111  9:14  Battlecruiser  
  117  9:29  Supply Depot, Battlecruiser  
  100  9:50  Starport  
  98  9:56  Weapon Refit, Factory Reactor  
  98  9:58  Viking, Supply Depot, Marine  
  64  10:34  Viking x2  
  48  11:04  Viking  
  43  11:34  Orbital Command  
Show
View Real Time Build Order
Export as new Build Order

LostHatter Protoss 

Build Orders: Carriers 

Get SALT Encoding   

  12  0:09  Probe  
  12  0:11  Pylon  
  13  0:21  Probe  
  14  0:32  Gateway  
  14  0:39  Assimilator  
  14  0:40  Probe  
  15  0:51  Probe  
  16  0:59  Probe  
  16  1:00  Forge  
  17  1:07  Probe  
  18  1:18  Probe  
  18  1:22  Zealot  
  18  1:24  Pylon  
  21  1:30  Probe  
  22  1:33  Assimilator  
  22  1:45  Cybernetics Core  
  22  1:53  Pylon  
  22  2:06  Photon Cannon  
  22  2:07  Zealot  
  24  2:32  Stargate  
  24  2:34  Stalker  
  24  2:35  Probe  
  27  2:47  Probe  
  28  3:16  Void Ray  
  32  3:26  Probe  
  32  3:27  Nexus  
  33  3:55  Void Ray, Stargate  
  33  3:58  Pylon  
  37  4:17  Probe  
  38  4:29  Probe  
  39  4:34  Shield Battery  
  39  4:39  Pylon  
  39  4:41  Probe  
  39  4:43  Pylon  
  39  4:44  Probe  
  40  4:52  Probe  
  41  4:53  Probe  
  41  4:56  Void Ray  
  47  5:07  Shield Battery  
  47  5:12  Photon Cannon  
  47  5:16  Assimilator, Probe  
  47  5:18  Probe  
  49  5:26  Void Ray  
  53  5:37  Probe  
  53  5:40  Probe  
  55  5:48  Void Ray  
  59  5:50  Probe  
  59  5:52  Probe  
  61  6:03  Pylon  
  61  6:04  Probe  
  62  6:16  Fleet Beacon  
  62  6:21  Photon Cannon  
  62  6:22  Probe  
  63  6:29  Probe  
  63  6:30  Probe  
  64  6:37  Pylon  
  64  6:39  Probe  
  65  6:41  Probe  
  67  6:47  Probe  
  67  6:48  Photon Cannon  
  67  6:51  Assimilator  
  67  6:53  Probe  
  69  6:56  Void Ray  
  73  7:07  Void Ray  
  77  7:16  Stargate  
  77  7:19  Pylon  
  77  7:38  Shield Battery  
  77  7:41  Carrier  
  83  7:44  Shield Battery  
  83  7:45  Shield Battery  
  83  7:51  Shield Battery  
  83  7:54  Pylon  
  83  7:56  Protoss Air Weapons Level 1  
  83  7:58  Void Ray  
  87  8:25  Nexus  
  87  8:45  Void Ray  
  87  8:46  Probe x2  
  93  8:57  Probe  
  93  8:58  Pylon, Probe  
  95  9:25  Protoss Shields Level 1  
  95  9:26  Carrier  
  101  9:39  Probe  
  102  9:51  Carrier  
  102  9:55  Assimilator  
  102  9:59  Protoss Air Weapons Level 2, Assimilator  
  108  10:16  Carrier, Probe  
  109  10:24  Probe  
  116  10:30  Carrier  
  122  10:53  Carrier  
  122  10:57  Cybernetics Core  
  128  11:13  Twilight Council  
  128  11:35  Pylon  
  128  11:38  Pylon  
  128  11:42  Protoss Air Armor Level 1, Pylon  
  128  11:47  Pylon  
  128  11:53  Carrier  
  134  12:06  Shield Battery  
  134  12:07  Shield Battery  
  134  12:09  Shield Battery  
  134  12:36  Carrier  
  140  12:43  Carrier  
  138  13:01  Carrier  
  138  13:40  Void Ray  
  142  13:47  Void Ray  
  146  13:53  Protoss Air Weapons Level 3  
  146  14:05  Void Ray  
  150  14:22  Void Ray  
  154  14:34  Pylon  
  154  14:35  Pylon  
  154  14:39  Pylon  
  154  14:47  Carrier  
  154  14:49  Void Ray  
  148  15:05  Void Ray  
  152  15:12  Pylon  
  152  15:14  Pylon  
  152  15:15  Pylon  
  120  15:30  Void Ray  
  102  15:38  Void Ray  
  102  15:41  Void Ray  
  68  16:05  Void Ray  
  62  16:14  Void Ray  
  62  16:17  Void Ray  
  70  16:30  Shield Battery  
  70  16:34  Shield Battery x3  
  70  16:42  Void Ray  
  74  16:54  Void Ray  
  74  16:57  Void Ray  
  74  17:10  Stargate  
  74  17:13  Stargate  
  74  17:20  Void Ray  
  74  17:27  Fleet Beacon  
  78  17:43  Void Ray  
  78  17:44  Void Ray  
  65  18:23  Void Ray  
  62  19:49  Assimilator  
  42  21:00  Assimilator x2  
Show
View Real Time Build Order
Export as new Build Order

rippin Protoss - Winner!

Build Orders: 1 Gate Expand, Oracle Opening 

Get SALT Encoding   

  12  0:01  Probe  
  13  0:13  Probe  
  14  0:19  Pylon  
  14  0:25  Probe  
  15  0:39  Gateway  
  15  0:41  Probe  
  16  0:49  Probe  
  16  0:55  Assimilator  
  17  1:24  Nexus  
  17  1:25  Probe  
  18  1:34  Cybernetics Core  
  18  1:43  Probe  
  19  1:52  Assimilator, Probe  
  19  2:01  Probe  
  20  2:02  Adept  
  23  2:17  Shield Battery  
  23  2:23  Pylon  
  23  2:29  Pylon  
  23  2:35  Probe  
  24  2:44  Probe  
  25  2:47  Probe  
  25  2:51  Stargate  
  26  2:56  Probe  
  27  2:59  Probe  
  28  3:08  Probe  
  28  3:12  Probe  
  29  3:32  Probe x2  
  31  3:36  Oracle  
  34  3:44  Probe x2, Stargate  
  34  3:46  Assimilator, Protoss Air Weapons Level 1  
  34  3:48  Assimilator  
  36  3:56  Probe x2  
  38  4:08  Probe x2  
  40  4:20  Probe x2  
  42  4:25  Void Ray  
  46  4:32  Probe x2  
  48  4:44  Probe x2  
  50  4:56  Probe x2  
  52  5:00  Fleet Beacon  
  52  5:01  Gateway  
  49  5:35  Void Ray  
  53  5:47  Pylon  
  53  5:48  Pylon  
  53  5:51  Pylon  
  53  5:54  Void Ray  
  53  5:55  Probe  
  54  5:57  Pylon  
  54  6:05  Tempest  
  54  6:06  Probe  
  54  6:09  Nexus  
  59  6:11  Pylon  
  59  6:12  Protoss Air Armor Level 1  
  59  6:14  Pylon  
  64  6:28  Tempest  
  64  6:29  Assimilator  
  64  6:34  Assimilator  
  64  6:38  Probe x2  
  64  6:39  Tempest  
  76  7:01  Tempest  
  81  7:16  Tempest  
  81  7:19  Mothership  
  86  7:22  Nexus  
  86  7:26  Probe  
  86  7:27  Probe x2  
  89  7:44  Tempest, Probe x2  
  104  7:56  Probe x2  
  106  7:58  Assimilator  
  106  7:59  Tempest  
  106  8:03  Assimilator  
  106  8:05  Pylon  
  111  8:10  Pylon  
  111  8:11  Probe x2  
  111  8:12  Pylon  
  113  8:13  Stargate  
  113  8:25  Tempest  
  113  8:32  Protoss Air Weapons Level 2  
  118  8:39  Probe x3  
  121  8:48  Tempest x2  
  121  8:53  Probe x3  
  124  9:00  Void Ray  
  134  9:08  Probe x2  
  136  9:22  Pylon  
  110  10:17  Tempest x3  
  121  10:55  Probe x2  
  121  10:56  Probe x2  
  125  10:59  Tempest x2  
  125  11:00  Tempest  
  140  11:07  Probe  
  141  11:17  Pylon  
  141  11:18  Pylon, Protoss Air Weapons Level 3  
  141  11:20  Pylon  
  141  11:22  Pylon  
  141  11:27  Forge  
  141  11:42  Tempest x2  
  141  11:43  Tempest  
  156  12:20  Protoss Shields Level 1  
  156  12:23  Probe x4  
  156  12:25  Tempest x2  
  156  12:26  Tempest  
  175  12:35  Probe  
  176  12:53  Nexus  
  176  12:55  Pylon  
  176  13:16  Probe x4  
  180  13:28  Probe  
  181  13:51  Probe x3  
  184  14:00  Protoss Air Armor Level 2  
  184  14:05  Tempest x3  
  199  14:17  Assimilator  
  199  14:23  Probe  
  182  15:00  Mothership  
  182  15:02  Tempest x2  
  107  15:53  Tempest x3  
  107  16:36  Tempest x3  
  122  17:17  Nexus  
  122  17:18  Tempest  
  122  17:19  Tempest x2  
  122  17:20  Assimilator  
  137  17:23  Assimilator  
  137  17:27  Assimilator  
  137  18:01  Tempest x3  
  152  18:44  Tempest  
  157  18:52  Tempest x2  
  167  19:17  Tempest  
  167  19:25  Tempest x2  
  182  19:46  Twilight Council  
  182  19:58  Nexus  
  182  20:00  Tempest  
  187  20:08  Tempest  
  192  21:31  Tempest  
  197  21:52  Assimilator  
  197  21:55  Assimilator  
  197  23:46  Nexus  
  197  23:49  Assimilator  
  197  23:57  Assimilator  
  197  23:59  Protoss Shields Level 2  
  197  24:56  Nexus  
  197  25:10  Nexus  
  197  25:23  Nexus  
  197  26:42  Oracle  
  187  28:40  Tempest x2  
  182  28:41  Tempest  
  107  29:18  Mothership  
  107  29:19  Tempest x3  
  107  29:20  Assimilator  
  107  29:22  Assimilator  
  107  29:23  Assimilator  
  117  29:27  Pylon, Assimilator  
  117  29:29  Assimilator, Pylon  
  122  29:33  Assimilator  
  122  29:38  Protoss Shields Level 3  
  130  29:54  Tempest x3  
  94  30:26  Tempest x3  
  94  30:40  Stargate  
  94  30:41  Stargate  
  109  30:48  Pylon  
  109  30:52  Pylon  
  108  31:02  Tempest  
  108  31:03  Tempest x2  
  117  31:33  Tempest x2  
  117  31:34  Tempest  
  131  31:50  Tempest  
  131  31:51  Tempest  
  141  31:56  Fleet Beacon  
  141  32:00  Stargate  
  139  32:39  Tempest x2  
  139  32:49  Tempest  
  154  33:45  Nexus  
  144  34:13  Tempest x3  
  144  34:14  Tempest  
  131  34:58  Tempest x2  
  116  35:03  Mothership  
  114  35:14  Probe  
  114  35:16  Tempest  
  115  35:24  Tempest  
  115  35:26  Probe  
  126  35:28  Tempest  
  126  35:31  Tempest  
  126  35:34  Probe  
  137  35:47  Probe x3  
  140  35:56  Tempest  
  140  35:59  Probe  
  146  36:06  Tempest  
  151  36:11  Tempest  
  162  36:26  Tempest  
  162  36:31  Assimilator  
  162  36:34  Assimilator  
  162  36:37  Nexus  
  167  36:40  Assimilator  
  167  36:49  Tempest, Assimilator  
  167  36:51  Assimilator  
  167  36:54  Tempest  
  167  36:56  Assimilator  
  167  36:57  Probe  
  167  36:59  Tempest x2  
  178  37:06  Assimilator  
  177  37:09  Probe  
  183  37:21  Probe  
  184  37:30  Nexus  
  184  37:31  Tempest  
  184  37:33  Assimilator  
  184  37:35  Assimilator  
  189  37:37  Tempest  
  194  38:27  Probe x3  
  197  38:59  Probe  
  198  39:11  Probe  
  186  43:26  Gateway  
  186  43:55  Oracle x3  
Tags
 
Add a new tag
Caveats
  • Supply blocks, unpowered buildings, or Contaminate may cause inaccurate times.
  • Supply counts are checked every 10 seconds.